 Dungeon Crawl Stone Soup version 0.31-a0-1-g4198be8af4 (webtiles) character file.

Game seed: 10035203914980841538

288 porpoise the Sneak (level 6, -6/28 HPs)
             Began as a Vine Stalker Enchanter on May 3, 2023.
             Was a Believer of Uskayaw.
             Mangled by an iguana (10 damage)
             ... on level 4 of the Dungeon.
             The game lasted 00:16:48 (2950 turns).

porpoise the Sneak (Vine Stalker Enchanter)         Turns: 2950, Time: 00:16:49

Health: -6/28      AC:  6    Str: 13    XL:     6   Next: 31%
Magic:  0/11       EV: 12    Int: 15    God:    Uskayaw [**....]
Gold:   53         SH:  0    Dex: 17    Spells: 6/11 levels left

rFire   . . .        a - +1 dagger
rCold   . . .        (no shield)
rNeg    . . .        v - +1 robe of Ihylur {Str+3 Stlth+}
rPois   .            z - +1 hat
rElec   .            u - +0 cloak
rCorr   .            (no gloves)
SInv    .            t - +0 pair of boots
Will    .....        (no amulet)
Stlth   ++++         h - ring of wizardry
HPRegen 1.04/turn    (no ring)
MPRegen 0.12/turn

%: guardian spirit, wizardry (x1)
@: invisible
A: fangs 2, regeneration 1, magic shield, antimagic bite, no potion heal 2
a: Renounce Religion, Stomp, Line Pass


You were on level 4 of the Dungeon.
You worshipped Uskayaw.
Uskayaw was noncommittal.
You visited 1 branch of the dungeon, and saw 4 of its levels.

You collected 172 gold pieces.
You spent 119 gold pieces at shops.

Inventory:

Hand Weapons
 a - a +1 dagger (weapon)
Missiles
 e - 9 poisoned darts (quivered)
 n - 5 boomerangs
 y - 2 silver boomerangs
Armour
 s - a scarf of repulsion
 t - a +0 pair of boots (worn)
 u - a +0 cloak (worn)
 v - the +1 robe of Ihylur (worn) {Str+3 Stlth+}
   (You bought it in a shop on level 3 of the Dungeon)

   Str:       It affects your strength (+3).
   Stlth:     It makes you more stealthy.
 z - a +1 hat (worn)
Magical Staves
 x - a staff of cold
Jewellery
 h - a ring of wizardry (left hand)
Scrolls
 d - a scroll of acquirement {unknown}
 j - a scroll of teleportation
 k - a scroll of fog {unknown}
 m - a scroll of blinking {unknown}
 o - a scroll of amnesia {unknown}
 q - a scroll of enchant armour {unknown}
 w - a scroll of noise {unknown}
Potions
 b - a potion of resistance {unknown}
 c - 2 potions of invisibility
 f - 3 potions of brilliance
 g - 2 potions of attraction
 i - a potion of flight
 l - 2 potions of haste {unknown}
 p - a potion of lignification {unknown}
 r - a potion of curing {unknown}


   Skills:
 - Level 2.1 Short Blades
 - Level 1.5 Dodging
 + Level 5.8 Stealth
 - Level 3.0 Spellcasting
 + Level 3.8 Hexes
 + Level 2.9 Ice Magic


You had 6 spell levels left.
You knew the following spells:

 Your Spells              Type           Power      Damage    Failure   Level
a - Confusing Touch       Hex            13%        N/A       5%          3
e - Ensorcelled Hibernat  Hex/Ice        24%        N/A       3%          2

Your spell library contained the following spells:

 Spells                   Type           Power      Damage    Failure   Level
 Tukima's Dance           Hex            13%        N/A       5%          3
 Sandblast                Erth           4%         2d4       9%          1
 Passwall                 Tmut/Erth      1%         N/A       12%         2
 Dazzling Flash           Conj/Hex       14%        N/A       12%         3
 Stone Arrow              Conj/Erth      4%         3d7       24%         3


Dungeon Overview and Level Annotations

Branches:
Dungeon (4/15)
 Temple: D:4-7

Altars:
Uskayaw
Xom

Shops:
D:3 ![


Innate Abilities, Weirdness & Mutations

You have extremely sharp teeth.
Your natural rate of healing is unusually fast.
When hurt, damage is shared between your health and your magic reserves.
Your bite disrupts and absorbs the magic of your enemies.
Potions cannot restore your health.


Message History

Aim: an iguana (chance to affect: 54%)
The iguana resists with significant effort.
The iguana bites you!
You hit the iguana but do no damage. You bite the iguana. You drain its power.
You feel invigorated.
The iguana is moderately wounded.
The iguana closely misses you.
You hit the iguana but do no damage. You bite the iguana, but do no damage.
The iguana is moderately wounded.
The iguana bites you!
You are too injured to fight recklessly!
Casting: Ensorcelled Hibernation (safe; 3% risk of failure)
Confirm with . or Enter, or press ? or * to list all spells.
Aiming: Ensorcelled Hibernation (safe; 3% risk of failure)
Press: ? - help, Shift-Dir - straight line, f/p - iguana
Aim: an iguana (moderately wounded, chance to affect: 54%)
The iguana resists with significant effort.
The iguana misses you.
You hit the iguana.
The iguana is heavily wounded.
The orc wizard gestures wildly while chanting.
The orc wizard flickers and vanishes!
Deactivating autopickup; reactivate with Ctrl-A.
The iguana bites you.
You hear a shout!
You hit the iguana but do no damage. You bite the iguana, but do no damage.
The iguana is heavily wounded.
You hear a shout!
You barely miss the iguana. Your bite misses the iguana.
The iguana is heavily wounded.
The iguana bites you!
* * * LOW HITPOINT WARNING * * *
You fade into invisibility!
The iguana hisses menacingly.
The iguana closely misses you.
You hit the iguana. You bite the iguana, but do no damage.
The iguana is severely wounded.
An orc comes into view. It is wielding a +0 great sword.
The iguana bites you!
You die...

#....##...##.(.........
#....# ................
.....# #..)...........
#..... #(..†.......
...... #.o.........
.......o.....#........#
.....B.......#.......##
.............##l######
.............##.@...#
....................#
.............#.#....#
.............#......#
............#####..##
....#.......# #...#
#####...###.####.### #
#..........# #
##..........##


You could see an iguana (unable to see you) and an orc (wandering, unable to see
you).

Vanquished Creatures
  A scorpion (D:4)
  A hound (D:4)
  2 iguanas
  8 adders
  An orc (D:4)
  6 endoplasms
  5 giant cockroaches
  5 goblins
  4 hobgoblins
  6 jackals (D:1)
  6 kobolds
  5 quokkas
  7 ball pythons
  9 bats
  5 frilled lizards
  2 rats (D:1)
73 creatures vanquished.

Vanquished Creatures (others)
  6 plants (D:3)
6 creatures vanquished.

Grand Total: 79 creatures vanquished

Notes
Turn   | Place    | Note
-------+----------+-------------------------------------------
     0 | D:1      | porpoise the Vine Stalker Enchanter began the quest for the
                  | Orb.
     0 | D:1      | Reached XP level 1. HP: 9/9 MP: 4/4
   106 | D:1      | Reached skill level 1 in Short Blades
   299 | D:1      | Reached XP level 2. HP: 9/13 MP: 6/6
   319 | D:1      | Learned a level 2 spell: Ensorcelled Hibernation
   371 | D:1      | Reached skill level 4 in Stealth
   824 | D:1      | Reached XP level 3. HP: 11/16 MP: 7/7
  1030 | D:2      | Learned a level 3 spell: Confusing Touch
  1550 | D:2      | Reached skill level 1 in Ice Magic
  1902 | D:3      | Gained mutation: Your natural rate of healing is unusually
                  | fast. [Vine Stalker growth]
  1902 | D:3      | Reached XP level 4. HP: 21/21 MP: 7/9
  2195 | D:3      | Found a shimmering altar of Xom.
  2258 | D:3      | Reached skill level 5 in Stealth
  2258 | D:3      | Reached XP level 5. HP: 24/24 MP: 4/10
  2308 | D:3      | Found Xevvytz's Distillery.
  2560 | D:3      | Found a hide-covered altar of Uskayaw.
  2569 | D:3      | Became a worshipper of Uskayaw the Reveller
  2591 | D:3      | Found Fyhaep's Antique Armour Boutique.
  2600 | D:3      | Bought a fine robe for 119 gold pieces
  2600 | D:3      | Identified the +1 robe of Ihylur {Str+3 Stlth+} (You bought
                  | it in a shop on level 3 of the Dungeon)
  2691 | D:4      | Reached * piety under Uskayaw
  2776 | D:4      | Reached ** piety under Uskayaw
  2777 | D:4      | Reached XP level 6. HP: 28/28 MP: 4/11
  2950 | D:4      | Mangled by an iguana

Illustrated notes

Levels and vault maps discovered:
D:1:      matt_arrival_diagonals, layout_basic, minmay_misc_feat_five
D:2:      minmay_angry_zag, layout_basic, minmay_tromino_v4_a
D:3:      layout_rooms, nicolae_uskayaw_suspiria, mainiacjoe_overflow_catwalk,
          serial_shops, shop, shop, kennysheep_boxes
D:4:      layout_rooms

Skill      XL: |  1  2  3  4 |
---------------+-------------+-----
Short Blades   | 1 2 |  2.1
Stealth        | 4 5 |  5.8
Ice Magic      | 1 2 |  2.9
Spellcasting   | 3 |  3.0
Dodging        | |  1.5
Hexes          | |  3.8

Action                     |  1- 3 |  4- 6 || total
---------------------------+-------+-------++-------
  Melee: Dagger            |   124 |    74 ||   198
         Bite              |    30 |    18 ||    48
         Punch             |     1 |       ||     1
  Throw: Dart              |    10 |       ||    10
   Cast: Ensorcelled Hiber |     3 |    23 ||    26
    Use: Scroll            |     4 |     2 ||     6
         Potion            |       |     1 ||     1
   Stab: Sleeping          |     9 |    16 ||    25
 Armour: Robe              |    31 |    11 ||    42
  Dodge: Dodged            |    84 |    41 ||   125

Table legend: (Time is in decaauts)
 A = Elapsed time spent in this place.
 B = Non-inter-level travel time spent in this place.
 C = Inter-level travel time spent in this place.
 D = Time resting spent in this place.
 E = Time spent auto-exploring this place.
 F = Levels seen in this place.
 G = Mean time per level.
                   A        B        C        D        E       F      G
               +--------+--------+--------+--------+--------+-----+--------+
         Total |   2930 |   2824 |    106 |    499 |   1521 |   4 |  732.5 |
       Dungeon |   2930 |   2824 |    106 |    499 |   1521 |   4 |  732.5 |
               +--------+--------+--------+--------+--------+-----+--------+

Top non-repeatable levels by time:
     D:2: 953 daAuts
     D:1: 935 daAuts
     D:3: 768 daAuts
     D:4: 273 daAuts
